 Dungeon Crawl Stone Soup version 0.26-a0-812-g31a745ddcd (webtiles) character file.

Game seed: 6856764129622591169

346 Dracia the Conjurer (level 6, 0/67 HPs)
             Began as a Draconian Conjurer on Dec 5, 2020.
             Succumbed to a worker ant's poison
             ... on level 4 of the Dungeon.
             The game lasted 00:08:31 (3776 turns).

Dracia the Conjurer (Draconian Conjurer)            Turns: 3776, Time: 00:08:32

Health: 0/67       AC:  6    Str: 10    XL:     6   Next: 32%
Magic:  2/11       EV: 12    Int: 19    God:
Gold:   247        SH:  0    Dex: 10    Spells: 2/12 levels left

rFire    . . .     SeeInvis .   f - +2 dagger (drain)
rCold    + . .     Faith    +   (no shield)
rNeg     + . .     Spirit   .   (armour unavailable)
rPois    .         Reflect  .   (helmet restricted)
rElec    .         Harm     .   (no cloak)
rCorr    .         Rampage  .   (no gloves)
MR       .....                  (no boots)
Stlth    ..........             T - amulet of faith {!P!P}
HPRegen  0.21/turn              m - ring of attention (curse)
MPRegen  0.12/turn              N - ring of positive energy

@: berserking (expiring), lethally poisoned (0 -> -16), very quick
A: unfitting armour, claws 1, stinger 1, cold resistance 1, cold-blooded, AC +6
a: no special abilities


You were on level 4 of the Dungeon.
You visited 1 branch of the dungeon, and saw 4 of its levels.

You collected 247 gold pieces.


Innate Abilities, Weirdness & Mutations

Your plain brown scales are hard. (AC +6)
You cannot fit into any form of body armour.
You are cold-blooded and may be slowed by cold attacks.
You have sharp fingernails.
Your tail ends in a poisonous barb.
Your flesh is cold resistant. (rC+)


   Skills:
 - Level 1.7 Dodging
 - Level 1.7 Stealth
 + Level 3.9 Spellcasting
 * Level 6.6 Conjurations


You had 2 spell levels left.
You knew the following spells:

 Your Spells              Type           Power        Failure   Level
d - Dazzling Flash        Conj/Hex       ###...       11%         3
f - Fulminant Prism       Conj/Hex       ###.......   34%         4
s - Searing Ray           Conj           ####..       1%          2
z - Magic Dart            Conj           ####         1%          1

Your spell library contained the following spells:

 Spells                   Type           Power        Failure   Level
 Iskenderun's Mystic Bla  Conj/Tloc      ###.....     34%         4

Inventory:

Hand Weapons
 b - a +0 club
 f - a +2 dagger of draining (weapon)
 k - a +1 dagger
Missiles
 p - 3 atropa-tipped darts (quivered)
Jewellery
 m - a cursed ring of attention (left claw)
 v - an uncursed ring of see invisible
 N - a ring of positive energy (right claw)
 T - an amulet of faith (around neck) {!P!P}
Scrolls
 a - 2 scrolls of teleportation {@r4@r4}
 c - 3 scrolls of identify {@r1@r1}
 i - 2 scrolls of remove curse {unknown}
 j - a scroll of enchant armour
 n - a scroll of magic mapping
 q - a scroll of enchant weapon
Potions
 d - 2 potions of haste {unknown}
 e - a potion of attraction {unknown}
 g - 2 potions of invisibility
 h - a potion of berserk rage {!q!q}
 l - a potion of mutation
 o - 2 potions of curing {unknown}

Dungeon Overview and Level Annotations

Branches:
Dungeon (4/15)
 Temple: D:4-7

Altars:
Cheibriados
Qazlal
Wu Jian
Xom
Zin

....##...)......#
##.###.##.......#
#####.....##..>....#
..........##.......#
...................#
..........##.......#
.?.........).....[.#
...................#
.........@.........#
................####
..............###
$....##########
..#.# .... ..# ..


There were no monsters in sight!


Message History

It was a potion of berserk rage.
A red film seems to cover your vision as you go berserk!
You feel yourself moving faster!
You feel mighty!
* * * LOW HITPOINT WARNING * * *
You feel sick. The worker ant barely misses you.
The scorpion barely misses you.
You hit the scorpion.
You kill the scorpion!
* * * LOW HITPOINT WARNING * * *
You feel sick. The worker ant closely misses you.
You closely miss the worker ant.
The worker ant is lightly wounded.
* * * LOW HITPOINT WARNING * * *
You feel sick. The worker ant closely misses you.
You hit the worker ant.
The worker ant is lightly wounded.
* * * LOW HITPOINT WARNING * * *
You feel sick.
You puncture the worker ant! You drain the worker ant.
The worker ant is almost dead.
* * * LOW HITPOINT WARNING * * *
You feel sick. The worker ant barely misses you.
You puncture the worker ant!
You kill the worker ant!
* * * LOW HITPOINT WARNING * * *
You feel sick.
* * * LOW HITPOINT WARNING * * *
You feel sick.
You feel a strong urge to attack something.
You die...

Skill      XL: |  1  2  3  4  5 |
---------------+----------------+-----
Conjurations   | 5 6 |  6.6
Spellcasting   | 3 |  3.9
Dodging        | |  1.7
Stealth        | |  1.7

Action                   |  1- 3 |  4- 6 || total
-------------------------+-------+-------++-------
Melee: Club              |    42 |       ||    42
       Unarmed           |     4 |       ||     4
       Tailslap          |     3 |     4 ||     7
       Dagger            |    11 |   100 ||   111
Throw: Dart              |       |     3 ||     3
 Cast: Magic Dart        |    20 |    13 ||    33
       Searing Ray       |     6 |     6 ||    12
       Dazzling Flash    |       |     3 ||     3
  Use: Scroll            |     5 |     4 ||     9
       Potion            |       |     2 ||     2
Armor: Skin              |    32 |    36 ||    68
Dodge: Dodged            |    65 |   100 ||   165

Levels and vault maps discovered:
D:1:      mrwooster_arrival_arrow, layout_rooms
D:2:      cheibrodos_greedy_goblins, layout_loops_ring,
          hangedman_decor_opposing, minmay_misc_feat_plants, doesnt_xom_only_xom
D:3:      layout_rooms
D:4:      lemuel_castle_with_subvaults [lemuel_castle_interior_carwin_3],
          layout_rooms, lemuel_old_faithful

Notes
Turn   | Place    | Note
-------+----------+-------------------------------------------
     0 | D:1      | Dracia the Draconian Conjurer began the quest for the Orb.
     0 | D:1      | Reached XP level 1. HP: 14/14 MP: 3/3
   229 | D:1      | Reached XP level 2. HP: 17/20 MP: 1/5
   323 | D:1      | Learned a level 2 spell: Searing Ray
  1101 | D:1      | Reached XP level 3. HP: 22/26 MP: 6/6
  1442 | D:2      | Reached skill level 5 in Conjurations
  1445 | D:2      | Reached XP level 4. HP: 31/33 MP: 1/8
  1495 | D:2      | Reached skill level 3 in Spellcasting
  1695 | D:2      | Learned a level 3 spell: Dazzling Flash
  2190 | D:2      | Found a shimmering altar of Xom.
  2192 | D:2      | Found a snail-covered altar of Cheibriados.
  2192 | D:2      | Found a glowing silver altar of Zin.
  2194 | D:2      | Found a stormy altar of Qazlal.
  2194 | D:2      | Found an ornate altar of the Wu Jian Council.
  2194 | D:2      | Found a snail-covered altar of Cheibriados.
  2699 | D:3      | Reached XP level 5. HP: 28/38 MP: 8/10
  2940 | D:3      | Reached skill level 6 in Conjurations
  2983 | D:3      | Learned a level 4 spell: Fulminant Prism
  3699 | D:4      | Reached XP level 6. HP: 40/45 MP: 11/11
  3768 | D:4      | Gained mutation: Your flesh is cold resistant. (rC+)
                  | [potion of mutation]
  3768 | D:4      | Gained mutation: Your tail ends in a poisonous barb.
                  | [potion of mutation]
  3768 | D:4      | Gained mutation: You have sharp fingernails. [potion of
                  | mutation]
  3771 | D:4      | HP: 6/67 [poisoned by a worker ant]
  3774 | D:4      | HP: 2/67 [poisoned by a worker ant]
  3776 | D:4      | Succumbed to a worker ant's poison

Vanquished Creatures
  A scorpion (D:4)
  A howler monkey (D:3)
  2 iguanas
  A worker ant (D:4)
  6 adders
  4 gnolls
  An ooze (D:2)
  A worm (D:2)
  2 dart slugs (D:1)
  4 leopard geckos
  8 bats
  3 giant cockroaches
  13 hobgoblins
  2 jackals (D:3)
  6 kobolds
  5 frilled lizards
  14 goblins
  6 rats
80 creatures vanquished.

Table legend: (Time is in decaauts)
 A = Elapsed time spent in this place.
 B = Non-inter-level travel time spent in this place.
 C = Inter-level travel time spent in this place.
 D = Time resting spent in this place.
 E = Time spent auto-exploring this place.
 F = Levels seen in this place.
 G = Mean time per level.
                   A        B        C        D        E       F      G
               +--------+--------+--------+--------+--------+-----+--------+
         Total |   3792 |   3692 |    100 |   1052 |   1989 |   4 |  948.0 |
       Dungeon |   3792 |   3692 |    100 |   1052 |   1989 |   4 |  948.0 |
               +--------+--------+--------+--------+--------+-----+--------+

Top non-repeatable levels by time:
     D:1: 1318 daAuts
     D:3: 1253 daAuts
     D:2: 1058 daAuts
     D:4: 161 daAuts

Table legend:
 A = Non-vault XP
 B = Vault XP
 C = Vault XP percentage of total XP
 D = Non-vault monster count
 E = Vault monster count
 F = Vault count percentage of total count
                 A         B        C        D         E       F
            +---------+---------+-------+---------+---------+-------
      Total |     481 |      14 |   2.8 |      73 |       7 |   8.8
            +---------+---------+-------+---------+---------+-------
        D:1 |      59 |       0 |   0.0 |      26 |       0 |   0.0
        D:2 |      89 |      14 |  13.6 |      27 |       7 |  20.6
        D:3 |     146 |       0 |   0.0 |      14 |       0 |   0.0
        D:4 |     187 |       0 |   0.0 |       6 |       0 |   0.0
            +---------+---------+-------+---------+---------+-------
